 Dungeon Sprint DCSS version 0.27-a0-1139-g28e009f8a6 (webtiles) character file.

Game seed: 16169260267163929060

118 Zeld the Firebug (level 5, -9/35 HPs)
             Began as an Octopode Fire Elementalist on May 7, 2021.
             Was a Follower of Sif Muna.
             Mangled by an iguana (12 damage)
             ... in the Dungeon (Sprint V: "Ziggurat Sprint").
             The game lasted 00:01:16 (589 turns).

Zeld the Firebug (Octopode Fire Elementalist)        Turns: 589, Time: 00:01:17

Health: -9/35      AC:  1    Str:  7    XL:     5   Next: 2%
Magic:  1/11       EV: 13    Int: 31    God:    Sif Muna [*.....]
Gold:   0          SH:  0    Dex: 12    Spells: 9/13 levels left

rFire    . . .     SeeInvis .   (no weapon)
rCold    . . .     Faith    .   (no shield)
rNeg     . . .     Spirit   .   (helmet restricted)
rPois    .         Reflect  .   (no amulet)
rElec    .         Harm     .   u - +6 ring of intelligence
rCorr    .         Rampage  .   t - +6 ring of intelligence
Will     .....     NoTele   +   (no ring)
Stlth    +++.......             (no ring)
HPRegen  0.11/turn              (no ring)
MPRegen  0.12/turn              (no ring)
                                (no ring)
                                (no ring)

@: no status effects
A: almost no armour, amphibious, 8 rings, camouflage 1, gelatinous body 1,
(nimble swimmer 1), tentacles
a: Renounce Religion, Channel Magic


You were in the Dungeon.
You worshipped Sif Muna.
Sif Muna was aware of your devotion.
You visited 1 branch

Inventory:

Armour
 B - a +3 tower shield
Jewellery
 t - a +6 ring of intelligence (right tentacle)
 u - a +6 ring of intelligence (left tentacle)
Wands
 y - a wand of mindburst (7)
 z - a wand of iceblast (7)
 A - a wand of acid (7)
Scrolls
 g - 3 scrolls of blinking
 l - 4 scrolls of amnesia
 m - 7 scrolls of fog
 n - a scroll of holy word
 o - 5 scrolls of identify
 p - 2 scrolls of fear
Potions
 a - 2 potions of brilliance
 b - 10 potions of curing
 c - 10 potions of heal wounds
 d - 6 potions of haste
 e - 7 potions of magic
 f - 3 potions of berserk rage
 h - 2 potions of invisibility
 i - 4 potions of resistance
 k - 5 potions of might
Miscellaneous
 x - a lightning rod (3/4)


   Skills:
 + Level 2.4 Fighting
 + Level 3.2 Dodging
 - Level 2.6 Stealth
 + Level 4.5 Spellcasting
 + Level 4.6 Conjurations
 * Level 7.2 Fire Magic
 * Level 3.9 Invocations


You had 9 spell levels left.
You knew the following spells:

 Your Spells              Type           Power      Damage    Failure   Level
a - Foxfire               Conj/Fire      100%       2x1d9     1%          1
b - Conjure Flame         Conj/Fire      43%        6-21      1%          3

Your spell library contained the following spells:

 Spells                   Type           Power      Damage    Failure   Level
 Inner Flame              Hex/Fire       29%        N/A       3%          3
 Sticky Flame             Conj/Fire      43%        2d6       4%          4
 Freeze                   Ice            28%        1d5       6%          1
 Fireball                 Conj/Fire      21%        3d10      14%         5
 Frozen Ramparts          Ice            14%        1d3       17%         3
 Ozocubu's Armour         Ice            7%         N/A       17%         3
 Hailstorm                Conj/Ice       21%        3d6       22%         4
 Metabolic Englaciation   Hex/Ice        3%         N/A       85%         5


Dungeon Overview and Level Annotations

Branches:
Dungeon (1/1)

Altars:
Ashenzari
Cheibriados
Dithmenos
Elyvilon
Fedhas
Gozag
Hepliaklqana
Kikubaaqudgha
Makhleb
Nemelex Xobeh
Okawaru
Qazlal
Ru
Sif Muna
Trog
Uskayaw
Vehumet
Wu Jian
Xom
Yredelemnul
Zin
The Shining One
Beogh
Jiyva
Lugonu

Annotations:
D 1 transporter


Innate Abilities, Weirdness & Mutations

You cannot wear most types of armour.
You are amphibious.
You can wear up to eight rings at the same time.
Your skin changes colour to match your surroundings (Stealth+).
Your rubbery body absorbs attacks. (AC +1, EV +1)
((You are camouflaged near water. (Stealth+)))
You have tentacles for arms and can constrict up to eight enemies at once.


Message History

The foxfire hits the wolf.
The wolf is severely wounded.
The foxfire hits the wolf.
The wolf is severely wounded.
Casting: Foxfire (safe; 1% risk of failure)
Confirm with . or Enter, or press ? or * to list all spells.
You conjure some foxfire!
Casting: Foxfire (safe; 1% risk of failure)
Confirm with . or Enter, or press ? or * to list all spells.
You conjure some foxfire!
The foxfire hits the wolf.
You kill the wolf!
Sif Muna accepts your kill.
The foxfire hits the iguana but does no damage.
The iguana is lightly wounded.
Your Fighting skill increases to level 2!
Your Dodging skill increases to level 3!
Your Conjurations skill increases to level 4!
Your Fire Magic skill increases to level 7!
Your Invocations skill gained 2 levels and is now at level 3!
You have reached level 4!
You have reached level 5!
You feel clever.
Aiming: Corrosive Bolt
Press: ? - help, Shift-Dir - straight line, f - iguana
Aim: an iguana (lightly wounded, ally target, 75% to hit)
Okay, then.
Aiming: Thunderbolt
Press: ? - help, Shift-Dir - straight line, f - iguana
Aim: an iguana (lightly wounded, ally target)
The thunderbolt hits the iguana.
The iguana is lightly wounded.
The foxfire hits the iguana.
The iguana is moderately wounded.
Unknown command.
Aiming: Thunderbolt
Press: ? - help, Shift-Dir - straight line, f/p - iguana
Aim: an iguana (moderately wounded)
Okay, then.
The iguana bites you!
You die...

▓▓▓▓▓▓▓▓▓▓▓▓▓
▓.8©8.▓.8©8.▓
▓.[l@.▓.....▓
▓..†..▓.)...▓
▓.....▓..)..▓
▓.....▓..)..▓
▓.....▓..©..▓
▓..©..▓▓▓▓▓▓▓
▓▓▓▓▓▓▓


You could see an iguana.

Vanquished Creatures
  A wolf (D)
  An orc wizard (D)
  An orc (D)
  A jackal (D)
4 creatures vanquished.

Vanquished Creatures (others)
  19 foxfires (D)
19 creatures vanquished.

Grand Total: 23 creatures vanquished

Notes
Turn   | Place    | Note
-------+----------+-------------------------------------------
     0 | D        | Zeld the Octopode Fire Elementalist began the quest for the
                  | Orb.
     0 | D        | Reached XP level 1. HP: 11/11 MP: 3/3
     0 | D        | Found a shimmering blue altar of Sif Muna.
     0 | D        | Found a sacrificial altar of Ru.
     0 | D        | Found a bloodstained altar of Trog.
     0 | D        | Found a stormy altar of Qazlal.
     0 | D        | Found an iron altar of Okawaru.
     0 | D        | Found a sparkling altar of Nemelex Xobeh.
     0 | D        | Found a blossoming altar of Fedhas.
     1 | D        | Found the +6 Majin-Bo {vamp, MP+6 Int+6}
     1 | D        | Found the +9 heavy crossbow "Sniper" {vorpal, Acc+∞ SInv}
     1 | D        | Found the +10 dark maul {vorpal}
     1 | D        | Found the +15 Maxwell's patent armour {-Cast -Tele rElec
                  | Will+ rCorr}
     1 | D        | Found the +18 shield of the Gong {rElec rN+ Will+ EV-5}
     1 | D        | Found the +14 obsidian axe {vorpal, Drain Fly SInv}
     1 | D        | Found the +7 great mace "Firestarter" {inner flame, rF++}
     1 | D        | Found the +6 shillelagh "Devastator" {shatter}
     1 | D        | Found the +11 plutonium sword {Contam Stlth-}
     1 | D        | Found the +8 lance "Wyrmbane" {slay drac, rPois rF+ rC+
                  | AC+3}
     1 | D        | Found the +9 sword of Zonguldrok {reap}
     1 | D        | Found the +13 scythe of Curses {drain, Drain}
     1 | D        | Found the +5 sword of Power {vorpal}
     1 | D        | Found the +7 mace of Variability {chain chaos}
     1 | D        | Found the +7 Singing Sword {vorpal, sonic wave}
     1 | D        | Found the +8 storm bow {elec, penet}
     2 | D        | Found a transporter.
     2 | D        | Found an ancient bone altar of Kikubaaqudgha.
     2 | D        | Found a viscous altar of Jiyva.
     2 | D        | Found a corrupted altar of Lugonu.
     2 | D        | Found a hazy altar of Hepliaklqana.
     2 | D        | Found a burning altar of Makhleb.
     2 | D        | Found an opulent altar of Gozag.
    64 | D        | Became a worshipper of Sif Muna the Loreminder
    65 | D        | Reached skill level 6 in Fire Magic
    65 | D        | Reached XP level 2. HP: 17/17 MP: 3/6
   367 | D        | Entered arena 2.
   367 | D        | Found a transporter.
   372 | D        | Reached skill level 1 in Fighting
   372 | D        | Reached skill level 1 in Invocations
   372 | D        | Reached XP level 3. HP: 23/23 MP: 2/8
   381 | D        | Learned a level 3 spell: Conjure Flame
   578 | D        | Entered arena 3.
   578 | D        | Noticed a wolf
   578 | D        | Found a transporter.
   581 | D        | Reached * piety under Sif Muna
   584 | D        | HP: 1/23 [iguana (12)]
   587 | D        | Killed a wolf
   588 | D        | Reached skill level 7 in Fire Magic
   588 | D        | Reached XP level 4. HP: 2/30 MP: 1/10
   588 | D        | Reached XP level 5. HP: 3/35 MP: 1/11
   589 | D        | Mangled by an iguana

Illustrated notes

Levels and vault maps discovered:
D:        sprint_v [room_start, room_1, room_2, room_3, room_4, room_5, room_6,
          room_7, room_8, room_9, room_10, room_11, room_12, room_13, room_14,
          room_15, room_16, room_17, room_18, room_19, room_20, room_21,
          room_22, room_23, room_24, room_25, room_26, room_27]

Skill      XL: |  1  2  3 |
---------------+----------+-----
Spellcasting   | 3 4 |  4.5
Conjurations   | 3 4 |  4.6
Fire Magic     | 6 7 |  7.2
Fighting       | 1 2 |  2.4
Invocations    | 1 3 |  3.9
Dodging        | 3 |  3.2
Stealth        | |  2.6

Action                   |  1- 3 |  4- 6 || total
-------------------------+-------+-------++-------
 Cast: Foxfire           |    11 |       ||    11
Evoke: Lightning rod     |       |     1 ||     1
  Use: Potion            |     1 |       ||     1
       Scroll            |     1 |       ||     1
Armor: Skin              |     1 |       ||     1
Dodge: Dodged            |     6 |       ||     6

Table legend: (Time is in decaauts)
 A = Elapsed time spent in this place.
 B = Non-inter-level travel time spent in this place.
 C = Inter-level travel time spent in this place.
 D = Time resting spent in this place.
 E = Time spent auto-exploring this place.
 F = Levels seen in this place.
 G = Mean time per level.
                   A        B        C        D        E       F      G
               +--------+--------+--------+--------+--------+-----+--------+
         Total |    588 |    588 |      0 |    472 |     24 |   1 |  588.0 |
       Dungeon |    588 |    588 |      0 |    472 |     24 |   1 |  588.0 |
               +--------+--------+--------+--------+--------+-----+--------+

Top non-repeatable levels by time:
       D: 588 daAuts
